 Dungeon Crawl Stone Soup version 0.27.1-33-g824d729ab1 (webtiles) character file.

Game seed: 14242408166865388087

118261 lordive the Marksminotaur (level 16, -4/145 (152) HPs)
             Began as a Minotaur Hunter on Dec 27, 2021.
             Was a High Priest of Okawaru.
             Slain by Asterion (28 damage)
             ... on level 1 of the Spider Nest.
             The game lasted 01:25:01 (36677 turns).

lordive the Marksminotaur (Minotaur Hunter)        Turns: 36677, Time: 01:25:02

HP:   -4/145 (152)  AC: 21    Str: 28    XL:     16   Next: 25%
MP:   23/23         EV: 12    Int: 18    God:    Okawaru [*****.]
Gold: 1923          SH:  0    Dex: 11    Spells: 13/15 levels left

rFire    . . .     SeeInvis .   i - +3 longbow (vorpal)
rCold    + + .     Faith    .   (shield currently unavailable)
rNeg     . . .     Spirit   .   s - +3 chain mail "Nirphilih" {rElec rC+}
rPois    +         Reflect  .   P - +0 hat "Udijan" {Int+7}
rElec    +         Harm     .   (no cloak)
rCorr    .         Rampage  +   Z - +0 pair of gloves
Will     ++...                  C - +2 pair of boots {rampage}
Stlth    ..........             y - amulet of the acrobat
HPRegen  0.34/turn              p - ring of poison resistance
MPRegen  0.18/turn              T - ring of Yrev {rC+ Will+ Str+6 Int+3}

@: lethally poisoned (-4 -> -10), lightly drained
A: horns 2, retaliatory headbutt, weak 1
a: Renounce Religion, Heroism, Finesse


You were on level 1 of the Spider Nest.
You worshipped Okawaru.
Okawaru was extremely pleased with you.
You visited 4 branches of the dungeon, and saw 24 of its levels.
You also visited: Sewer.

You collected 2316 gold pieces.
You spent 393 gold pieces at shops.

Inventory:

Hand Weapons
 i - a +3 vorpal longbow (weapon)
 X - the +10 rapier of the Iron City of Dis {pain, rPois rF+ rN+++ Str-2}
   (You found it on level 5 of the Lair of Beasts)

   In the hands of one skilled in necromantic magic, it inflicts extra damage on
   living creatures.
   Str:       It affects your strength (-2).
   rF:        It protects you from fire.
   rPois:     It protects you from poison.
   rN:        It renders you almost immune to negative energy.
Missiles
 d - 623 arrows (quivered ammo)
Armour
 a - a +1 kite shield of protection
 e - a +1 plate armour of fire resistance
 s - the +3 chain mail "Nirphilih" (worn) {rElec rC+}
   (You bought it in a shop on level 2 of the Orcish Mines)

   rC:        It protects you from cold.
   rElec:     It insulates you from electricity.
 C - a +2 pair of boots of rampaging (worn)
 M - quicksilver dragon scales
 P - the +0 hat "Udijan" (worn) {Int+7}
   (Okawaru gifted it to you on level 6 of the Lair of Beasts)

   Int:       It affects your intelligence (+7).
 Z - a +0 pair of gloves (worn)
Jewellery
 b - a +6 ring of strength
 f - an amulet of regeneration
 j - a +6 ring of strength
 p - a ring of poison resistance (left hand)
 q - a +4 ring of evasion
 u - a ring of protection from cold
 y - an amulet of the acrobat (around neck)
 B - a ring of flight
 F - a ring of resist corrosion
 T - the ring of Yrev (right hand) {rC+ Will+ Str+6 Int+3}
   (You found it on level 6 of the Lair of Beasts)

   [ring of strength]

   Str:       It affects your strength (+6).
   Int:       It affects your intelligence (+3).
   rC:        It protects you from cold.
   Will:      It increases your willpower.
 Y - a ring of protection from fire
Wands
 h - a wand of paralysis (9)
 E - a wand of mindburst (16)
 I - a wand of acid (9)
 S - a wand of digging (16)
 U - a wand of polymorph (17)
Scrolls
 c - 8 scrolls of teleportation
 g - 3 scrolls of magic mapping
 k - 2 scrolls of enchant armour
 o - 3 scrolls of amnesia
 t - 5 scrolls of enchant weapon {unknown}
 x - 3 scrolls of summoning {unknown}
 A - a scroll of brand weapon {unknown}
 J - 3 scrolls of fog
 K - 2 scrolls of fear
 L - 2 scrolls of blinking {unknown}
 N - 2 scrolls of vulnerability {unknown}
 Q - a scroll of silence {unknown}
 W - 5 scrolls of noise {unknown}
Potions
 l - a potion of cancellation
 m - 6 potions of might
 n - 4 potions of haste
 r - 5 potions of lignification
 v - 4 potions of ambrosia
 w - 2 potions of brilliance
 D - a potion of flight
 G - 5 potions of curing
 H - 3 potions of magic
 V - 2 potions of resistance


   Skills:
 + Level 16.7 Fighting
 * Level 3.1 Short Blades
 + Level 17.5 Bows
 * Level 14.3 Armour
 * Level 9.8 Dodging
 + Level 3.4 Stealth
 * Level 3.2 Shields
 * Level 2.9 Hexes
 * Level 2.1 Necromancy
 + Level 11.0 Invocations


You had 13 spell levels left.
You knew the following spells:

 Your Spells              Type           Power      Damage    Failure   Level
a - Corona                Hex            11%        N/A       24%         1
b - Pain                  Necr           28%        1d5       32%         1

Your spell library contained the following spells:

 Spells                   Type           Power      Damage    Failure   Level
 Animate Skeleton         Necr           14%        N/A       32%         1
 Ensorcelled Hibernation  Hex/Ice        10%        N/A       54%         2
 Tukima's Dance           Hex            10%        N/A       56%         3
 Freeze                   Ice            0%         1d3       61%         1
 Magic Dart               Conj           0%         1d3       61%         1
 Sting                    Tmut/Pois      0%         1d3       61%         1
 Vampiric Draining        Necr           3%         2d6       69%         3
 Searing Ray              Conj           0%         3d3       75%         2
 Conjure Flame            Conj/Fire      0%         6-21      93%         3
 Frozen Ramparts          Ice            0%         1d2       93%         3
 Ignite Poison            Fire/Tmut/Pois 0%         N/A       93%         3
 Fulminant Prism          Conj/Hex       2%         3d6       99%         4
 Hailstorm                Conj/Ice       0%         3d3       100%        4
 Passage of Golubria      Tloc           N/A        N/A       100%        4
 Sticky Flame             Conj/Fire      0%         2d3       100%        4
 Yara's Violent Unravell  Hex/Tmut       2%         3d3       100%        5
 Eringya's Noxious Bog    Tmut/Pois      0%         N/A       100%        6
 Fire Storm               Conj/Fire      0%         5d1       100%        9


Dungeon Overview and Level Annotations

Branches:
Dungeon (15/15)            Temple (0/1) D:7            Lair (6/6) D:10
 Shoals (0/4) Lair:4       Spider (1/4) Lair:4        Slime (0/5) Lair:5
    Orc (2/2) D:12            Elf (0/3) Orc:2        Vaults (0/5) D:14
 Depths (0/5) D:15          Sewer (visited)

Altars:
Cheibriados
Hepliaklqana
Makhleb
Okawaru
Wu Jian
Xom
Beogh

Shops:
D:9 *   D:11 *   Orc:1 *   Orc:2 [==*

Annotations:
Spider:1 Asterion


Innate Abilities, Weirdness & Mutations

You have a pair of horns on your head.
You reflexively headbutt those who attack you in melee.
You are weak. (Str -2)


Message History

Asterion mumbles some strange prayers to Makhleb.
Asterion seems to speed up.
The tarantella bites you. The wolf spider hits you.
The wolf spider bites you but does no damage.
Fire: 626 arrows
Press: ? - help, Q - select action, (/) - cycle Shift-Dir - straight line, f - Asterion, p - wolf spider
Aim: Asterion, wielding a +3 morningstar of venom, wearing a +0 chain mail and wearing a +0 kite shield (severely wounded, fast, 95% to hit)
You shoot an arrow. The arrow hits Asterion!!
Asterion is almost dead.
You feel sick. The tarantella completely misses you. The wolf spider hits you!
The wolf spider bites you!
A wolf spider comes into view.
Asterion conjures a destructive force in the name of Makhleb!
The iron shot hits you!!
* * * LOW HITPOINT WARNING * * *
The wolf spider hisses angrily.
Fire: 625 arrows
Press: ? - help, Q - select action, (/) - cycle Shift-Dir - straight line, f/p - Asterion
Aim: Asterion, wielding a +3 morningstar of venom, wearing a +0 chain mail and wearing a +0 kite shield (almost dead, fast, 95% to hit)
You shoot an arrow.
Asterion blocks the arrow.
You feel sick.
You hear an angry hiss.
A jumping spider comes into view.
The tarantella bites you but does no damage.
The wolf spider hits you.
* * * LOW HITPOINT WARNING * * *
The wolf spider misses you.
Fire: 624 arrows
Press: ? - help, Q - select action, (/) - cycle Shift-Dir - straight line, f/p - Asterion
Aim: Asterion, wielding a +3 morningstar of venom, wearing a +0 chain mail and wearing a +0 kite shield (almost dead, fast, 95% to hit)
You shoot an arrow.
The arrow hits Asterion but does no damage.
Asterion is almost dead.
You feel sick. The tarantella bites you!
* * * LOW HITPOINT WARNING * * *
The wolf spider barely misses you. You furiously retaliate!
You headbutt the wolf spider, but do no damage.
The wolf spider bites you.
* * * LOW HITPOINT WARNING * * *
Asterion hits you with a +3 morningstar of venom!!
You die...

#.##..#...#.#....# #
.#....#...##...#.##
....#..#>.#.# ..##^#
#.#^..#..#...#..#.
..#.#......#.^.# .#
#...#.###.#..#......
##..^....#.#..#..#.
...#..#......#.....
..#2H@s.(#..#.##..
#.s(##s#.....#. #.#(
s#..##.#. .(( ..#(.#
..?. ## .. .... . #.
.#?s. .. .#..#. .#


You could see Asterion (fast), a green death (summoned), 2 wolf spiders, a
jumping spider and a redback.

Vanquished Creatures
  Rupert (Lair:4)
  Frances (D:14)
  A fire giant (D:15)
  An orc warlord (Orc:2)
  Snorg (D:12)
  The ghost of Ephetek the Nimble, a journeyman OpBr of Yredelemnul (Lair:2)
  Erolcha (D:12)
  5 hydras
  A rakshasa (D:15)
  6 catoblepae
  2 boulder beetles
  6 centaur warriors
  2 death knights
  2 ogre magi (D:15)
  7 death yaks (Lair:6)
  9 two-headed ogres
  3 dancing weapons
  A tengu warrior (D:14)
  5 orc high priests
  Sonja (Lair:3)
  A fire crab (Lair:2)
  A skeletal warrior (D:11)
  3 orc knights
  2 phantasmal warriors
  2 orb spiders (Spider:1)
  5 wolf spiders
  18 ugly things
  2 orc sorcerers
  3 cyclopes
  8 elephants
  5 manticores
  4 black mambas
  A guardian serpent (shapeshifter) (D:12)
  A centaur zombie (D:11)
  A gargoyle (D:12)
  A torpor snail (Lair:3)
  4 rime drakes
  An unseen horror (shapeshifter) (D:14)
  5 kobold demonologists (D:10)
  9 cane toads
  7 komodo dragons
  9 yaktaurs (D:15)
  An efreet (D:14)
  4 freezing wraiths
  A tengu conjurer (D:14)
  11 trolls
  4 polar bears
  A hornet (shapeshifter) (D:14)
  6 jumping spiders (Spider:1)
  A wind drake (Lair:4)
  Grinder (D:4)
  29 blink frogs
  8 slime creatures
  6 dream sheep
  Sigmund (D:5)
  22 redbacks
  4 tarantellas
  3 wraiths
  A vampire (D:10)
  47 yaks
  14 wyverns
  5 steam dragons
  5 basilisks
  5 wargs
  2 vampire mosquitoes (D:13)
  15 water moccasins
  4 acid dragons
  2 swamp drakes (Lair:5)
  34 orc warriors
  3 sky beasts
  6 black bears
  2 ice beasts
  A necrophage (D:6)
  26 wolves
  13 ogres
  12 centaurs
  A phantom (D:5)
  18 bullfrogs
  3 kobold brigands (D:10)
  A wyvern zombie (D:9)
  9 scorpions
  A water moccasin skeleton (D:4)
  12 killer bees
  4 electric eels
  2 howler monkeys
  5 wights (D:7)
  8 hounds
  2 bullfrog zombies (D:7)
  A centaur skeleton (D:7)
  A bullfrog skeleton (D:6)
  2 jellies
  33 orc priests
  Natasha (thrice) (D:3)
  6 hell rats (Lair:4)
  Ijyb (D:5)
  30 orc wizards
  2 hound skeletons
  Robin (D:3)
  A howler monkey zombie (D:5)
  8 gnolls
  14 adders
  An ufetubus (D:4)
  An adder skeleton (D:4)
  2 worms
  4 dart slugs
  74 orcs
  9 bats
  5 endoplasms
  10 giant cockroaches
  16 goblins
  8 hobgoblins
  2 jackals (D:1)
  7 quokkas
  14 ball pythons
  7 frilled lizards
  13 kobolds
  8 rats
800 creatures vanquished.

Vanquished Creatures (others)
  An orc wizard (D:3)
  An orc (Orc:2)
  34 fungi
  62 plants
98 creatures vanquished.

Grand Total: 898 creatures vanquished

Notes
Turn   | Place    | Note
-------+----------+-------------------------------------------
     0 | D:1      | lordive the Minotaur Hunter began the quest for the Orb.
     0 | D:1      | Reached XP level 1. HP: 18/18 MP: 0/0
   212 | D:1      | Reached XP level 2. HP: 20/25 MP: 1/1
   214 | D:1      | Reached skill level 5 in Bows
   312 | D:1      | Found a faded altar of an unknown god.
   486 | D:1      | Reached XP level 3. HP: 14/30 MP: 2/2
  1111 | D:2      | Reached skill level 1 in Armour
  1130 | D:2      | Reached XP level 4. HP: 26/38 MP: 3/3
  1451 | D:2      | Got Serch's Disquisition on Confrontation and Contamination
  1973 | D:3      | Noticed Robin
  1993 | D:3      | Killed Robin
  2202 | D:3      | Noticed a centaur
  2227 | D:3      | Noticed Natasha
  2236 | D:3      | Killed Natasha
  2237 | D:3      | Reached XP level 5. HP: 19/45 MP: 4/4
  2278 | D:3      | Noticed Natasha
  2280 | D:3      | Killed Natasha
  2281 | D:3      | Reached skill level 6 in Bows
  2581 | D:3      | HP: 2/45 [orc wizard (2)]
  2620 | D:3      | Reached skill level 7 in Bows
  2620 | D:3      | Reached XP level 6. HP: 10/52 MP: 5/5
  3095 | D:3      | Noticed Natasha
  3097 | D:3      | Killed Natasha
  3490 | D:4      | Noticed Grinder
  3498 | D:4      | Paralysed by Grinder for 7 turns
  3510 | D:4      | Killed Grinder
  3511 | D:4      | Reached XP level 7. HP: 35/60 MP: 6/6
  3660 | D:4      | Reached skill level 8 in Bows
  3660 | D:4      | Reached skill level 1 in Stealth
  4467 | D:5      | Entered Level 5 of the Dungeon
  4511 | D:5      | Found an iron altar of Okawaru.
  4529 | D:5      | Became a worshipper of Warmaster Okawaru
  4545 | D:5      | Found a glowing drain.
  4581 | Sewer    | Entered a sewer
  4885 | Sewer    | Reached skill level 9 in Bows
  4885 | Sewer    | Reached skill level 1 in Invocations
  5588 | D:5      | Reached skill level 5 in Fighting
  5588 | D:5      | Reached XP level 8. HP: 68/68 MP: 6/8
  5642 | D:5      | Reached * piety under Okawaru
  6029 | D:5      | Noticed Ijyb
  6040 | D:5      | Killed Ijyb
  6321 | D:5      | Noticed Sigmund
  6336 | D:5      | Killed Sigmund
  6337 | D:5      | Reached skill level 10 in Bows
  6503 | D:6      | Found a burning altar of Makhleb.
  6503 | D:6      | Found a snail-covered altar of Cheibriados.
  6987 | D:6      | Reached XP level 9. HP: 75/75 MP: 10/10
  6997 | D:6      | Reached ** piety under Okawaru
  7059 | D:6      | Reached skill level 11 in Bows
  8361 | D:7      | Found a staircase to the Ecumenical Temple.
  9258 | D:8      | Reached *** piety under Okawaru
  9308 | D:8      | Reached skill level 12 in Bows
  9601 | D:8      | Received a gift from Okawaru
  9629 | D:8      | Reached XP level 10. HP: 86/86 MP: 12/12
 10574 | D:9      | Reached **** piety under Okawaru
 10862 | D:9      | Reached skill level 5 in Invocations
 10883 | D:9      | Reached skill level 13 in Bows
 11375 | D:9      | Found Keofofaep's Assorted Antiques.
 11633 | D:9      | Reached skill level 5 in Armour
 12153 | D:10     | Entered Level 10 of the Dungeon
 12530 | D:10     | Found a staircase to the Lair.
 12645 | D:10     | Noticed a two-headed ogre
 12658 | D:10     | Killed a two-headed ogre
 12929 | D:10     | Noticed an orange demon
 12991 | D:10     | Reached XP level 11. HP: 95/95 MP: 11/14
 13121 | D:10     | Reached ***** piety under Okawaru
 13265 | D:10     | Noticed a sun demon
 13267 | D:10     | Received a gift from Okawaru
 13456 | D:10     | Reached skill level 14 in Bows
 13690 | D:10     | You fall into a shaft and drop 3 floors!
 13958 | D:13     | Noticed a centaur warrior
 13965 | D:13     | Killed a centaur warrior
 14048 | D:13     | Noticed a boulder beetle
 14081 | D:13     | Killed a boulder beetle
 14081 | D:13     | Received a gift from Okawaru
 14082 | D:13     | Reached skill level 10 in Fighting
 14571 | D:13     | Received a gift from Okawaru
 14612 | D:13     | Noticed a centaur warrior
 14625 | D:13     | Killed a centaur warrior
 14877 | D:12     | Received a gift from Okawaru
 15273 | D:11     | Identified the +0 robe "Sien" {-Cast Rampage rPois SInv}
 15455 | D:11     | Noticed a red ugly thing
 15468 | D:11     | Killed a red ugly thing
 15469 | D:11     | Reached XP level 12. HP: 94/110 MP: 17/17
 16051 | D:10     | Found a faded altar of an unknown god.
 16127 | D:10     | Found a hazy altar of Hepliaklqana.
 16198 | Lair:1   | Entered Level 1 of the Lair of Beasts
 16291 | Lair:1   | Received a gift from Okawaru
 17111 | Lair:2   | Noticed a catoblepas
 17121 | Lair:2   | Killed a catoblepas
 17288 | Lair:2   | Noticed a catoblepas
 17316 | Lair:2   | Killed a catoblepas
 17655 | Lair:2   | Received a gift from Okawaru
 17810 | Lair:2   | Found a runed translucent door.
 17812 | Lair:2   | Found a shimmering altar of Xom.
 17812 | Lair:2   | Noticed Ephetek's ghost (journeyman OpBr)
 17866 | Lair:2   | Killed Ephetek's ghost
 18191 | Lair:2   | Reached skill level 10 in Armour
 18288 | Lair:2   | Noticed a catoblepas
 18312 | Lair:2   | Killed a catoblepas
 18315 | Lair:2   | Noticed an eight-headed hydra
 18321 | Lair:2   | Killed an eight-headed hydra
 18967 | Lair:3   | Reached XP level 13. HP: 117/123 MP: 17/19
 19114 | Lair:3   | Reached skill level 10 in Invocations
 19133 | Lair:3   | Reached skill level 5 in Dodging
 19176 | Lair:3   | You fall into a shaft and drop 3 floors!
 19176 | Lair:6   | Entered Level 6 of the Lair of Beasts
 19278 | Lair:6   | Received a gift from Okawaru
 19399 | Lair:6   | Received a gift from Okawaru
 19835 | Lair:6   | Reached ****** piety under Okawaru
 20127 | Lair:6   | Received a gift from Okawaru
 20291 | Lair:6   | Identified the +0 hat "Udijan" {Int+7} (Okawaru gifted it
                  | to you on level 6 of the Lair of Beasts)
 20291 | Lair:6   | Received a gift from Okawaru
 20310 | Lair:6   | Reached skill level 15 in Fighting
 20994 | Lair:6   | Identified the ring of Yrev {rC+ Will+ Str+6 Int+3}
 21428 | Lair:5   | Reached XP level 14. HP: 135/135 MP: 21/21
 21651 | Lair:5   | Identified the +10 rapier of the Iron City of Dis {pain,
                  | rPois rF+ rN+++ Str-2}
 21864 | Lair:5   | Found a staircase to the Slime Pits.
 22188 | Lair:4   | Found a staircase to the Shoals.
 22228 | Lair:4   | Reached skill level 15 in Bows
 22241 | Lair:4   | Received a gift from Okawaru
 22581 | Lair:4   | Found a hole to the Spider Nest.
 22874 | Lair:4   | Identified the +1 plate armour of the Secret Xenophobes
                  | {Dex+5} (Okawaru gifted it to you on level 4 of the Lair of
                  | Beasts)
 22874 | Lair:4   | Received a gift from Okawaru
 24405 | Lair:3   | Noticed Sonja
 24575 | Lair:3   | Killed Sonja
 25821 | D:11     | Found an ornate altar of the Wu Jian Council.
 25864 | D:11     | Found Yroerim's Assorted Antiques.
 25872 | D:11     | Bought a scroll of identify for 64 gold pieces
 25872 | D:11     | Bought a scroll of identify for 64 gold pieces
 26015 | D:12     | Received a gift from Okawaru
 26049 | D:12     | Noticed Erolcha
 26051 | D:12     | Killed Erolcha
 26135 | D:12     | Noticed Snorg
 26140 | D:12     | Killed Snorg
 26238 | D:12     | Found a staircase to the Orcish Mines.
 26697 | D:12     | You fall into a shaft and drop 3 floors!
 26697 | D:15     | Entered Level 15 of the Dungeon
 26725 | D:15     | Reached skill level 16 in Bows
 26759 | D:15     | Found a staircase to the Depths.
 26759 | D:15     | Noticed a fire giant
 26772 | D:15     | Received a gift from Okawaru
 27158 | D:15     | Killed a fire giant
 27158 | D:15     | Received a gift from Okawaru
 27243 | D:15     | Reached XP level 15. HP: 93/143 MP: 20/22
 27259 | D:15     | Received a gift from Okawaru
 27981 | D:14     | Received a gift from Okawaru
 28104 | D:14     | Found a gate to the Vaults.
 28313 | D:14     | Noticed Frances
 28317 | D:14     | Gained mutation: You are weak. (Str -2) [a neqoxec]
 28336 | D:14     | Killed Frances
 28813 | D:14     | Learned a level 1 spell: Corona
 29371 | D:14     | Reached skill level 1 in Hexes
 30047 | Orc:1    | Entered Level 1 of the Orcish Mines
 30060 | Orc:1    | Reached skill level 17 in Bows
 30069 | Orc:1    | Found Heocweng's General Store.
 30075 | Orc:1    | Bought a scroll of fog for 26 gold pieces
 30293 | Orc:2    | Entered Level 2 of the Orcish Mines
 30434 | Orc:2    | Received a gift from Okawaru
 30459 | Orc:2    | Learned a level 1 spell: Pain
 30481 | Orc:2    | Noticed an orc warlord
 31578 | Orc:2    | Killed an orc warlord
 31579 | Orc:2    | Reached skill level 1 in Short Blades
 32062 | Orc:2    | Found a staircase to the Elven Halls.
 32147 | Orc:2    | Reached skill level 1 in Necromancy
 32586 | Orc:2    | Received a gift from Okawaru
 32829 | Orc:2    | Found Nupn's Jewellery Boutique.
 32829 | Orc:2    | Found Doan's General Store.
 32830 | Orc:2    | Found Wyirroom's Jewellery Shop.
 32837 | Orc:2    | Found Wofush's Antique Armour Boutique.
 32841 | Orc:2    | Bought a scroll of fear for 49 gold pieces
 32850 | Orc:2    | Bought an encrusted chain mail for 190 gold pieces
 32850 | Orc:2    | Identified the +3 chain mail "Nirphilih" {rElec rC+} (You
                  | bought it in a shop on level 2 of the Orcish Mines)
 33693 | D:15     | Received a gift from Okawaru
 33901 | D:15     | Reached skill level 1 in Shields
 34262 | D:15     | Received a gift from Okawaru
 34263 | D:15     | Reached XP level 16. HP: 58/152 MP: 20/23
 34918 | Spider:1 | Entered Level 1 of the Spider Nest
 35338 | Lair:4   | Received a gift from Okawaru
 35740 | Spider:1 | Noticed Rupert
 36346 | Lair:4   | Killed Rupert
 36665 | Spider:1 | Noticed Asterion
 36677 | Spider:1 | Slain by Asterion

Illustrated notes

Levels and vault maps discovered:
D:1:      dpeg_arrival_rooms_a, layout_rooms,
          ebering_ecumenical_altar_sacrificial, chequers_serial_rivers_room_b
D:2:      layout_loops_ring
D:3:      cheibrodos_old_hovel, layout_loops_ring, eino_tiny_chamber, hex_tiny,
          st_stairs_7, lightli_corner_chamber, uniq_robin, uniq_natasha
D:4:      layout_loops_ring, minmay_snake_closets, uniq_grinder
D:5:      layout_basic, mainiacjoe_overflow_catwalk,
          cheibrodos_sewer_entry_drain, uniq_sigmund, uniq_ijyb
D:6:      layout_basic, chequers_temple_overflow_statue_of_worship
D:7:      layout_loops_corners, minmay_temple_entry_proselytizer,
          eino_small_chamber_without_monster, kennysheep_generic_room_5
D:8:      layout_loops_ring, chequers_serial_rivers_room_a
D:9:      layout_loops_corners, serial_shops, nicolae_inconvenience_store,
          hangedman_decor_push
D:10:     layout_long_grid, beargit_hepliaklqana_dungeon_heroes,
          erik_lair_island
D:11:     layout_basic, serial_shops, nicolae_shop_overgrown_old_shop,
          nicolae_wu_jian_wuxing_cycle
D:12:     minmay_goldmine, layout_cave_pools, minmay_orc_entry_temple_small,
          nicolae_qazlal_eye_of_the_storm, uniq_snorg, uniq_erolcha
D:13:     layout_loops_ring
D:14:     layout_irregular_city, erik_vaults_1, grunt_decor_mini_mirrors,
          uniq_frances
D:15:     grunt_enter_depths_giant_problem, layout_basic,
          hangedman_decor_growths
Lair:1:   layout_gridlike
Lair:2:   layout_chaotic_city, ebering_ghost_xom, hangedman_lair_generics_rect
Lair:3:   layout_hall_layers, minmay_shattered_shrine,
          infiniplex_staircase_pool_2, uniq_sonja
Lair:4:   wad_woods_structure_01, layout_regular_city,
          minmay_shoals_entry_beasts, nicolae_spider_entry_non_spiders,
          gauntlet_entry_generic, beast_lair_carwin_2, lemuel_fruit_fields
Lair:5:   layout_gridlike, dpeg_slime_entry_corner, guppyfry_lair_drakes,
          grunt_megastairs_2
Lair:6:   evilmike_catoblepas_cave, layout_small_grid
Spider:1: layout_spider_delve, uniq_asterion, uniq_rupert
Orc:1:    layout_diamond_mine, basic_altar, serial_shops,
          nicolae_shop_behind_doors, portal_ice_cave_entry_pillars_1,
          mines5_lemuel, uniq_jorgrun
Orc:2:    st_orc_mages, layout_caves, basic_altar, david_defended_altar_orc

Skill      XL: |  1  2  3  4  5  6  7  8  9 10 11 12 13 14 15 16 |
---------------+-------------------------------------------------+-----
Bows           | 5 7 9 10 12 13 14 16 17 | 17.5
Armour         | 1 2 3 4 6 8 10 11 13 14 | 14.3
Fighting       | 3 4 5 7 8 11 13 15 16 | 16.7
Dodging        | 3 4 6 8 9 |  9.8
Stealth        | 1 2 3 |  3.4
Invocations    | 1 3 4 6 8 9 10 11 | 11.0
Hexes          | 2 |  2.9
Short Blades   | 2 3 |  3.1
Necromancy     | 1 2 |  2.1
Shields        | 1 3 |  3.2

Action                   |  1- 3 |  4- 6 |  7- 9 | 10-12 | 13-15 | 16-18 || total
-------------------------+-------+-------+-------+-------+-------+-------++-------
Melee: Short sword       |    51 |       |       |       |       |       ||    51
       Headbutt          |    14 |       |       |       |     5 |       ||    19
       War axe           |    32 |     1 |       |       |       |       ||    33
       Rapier            |       |       |       |       |    13 |       ||    13
 Fire: Shortbow          |       |   191 |   367 |   520 |       |       ||  1078
       Longbow           |       |       |       |   160 |  1264 |   131 ||  1555
Invok: Heroism           |       |       |     3 |    21 |    29 |     7 ||    60
       Finesse           |       |       |       |       |     1 |     2 ||     3
  Use: Potion            |       |     4 |       |     1 |     2 |     1 ||     8
       Scroll            |       |       |    10 |     1 |     7 |       ||    18
 Stab: Sleeping          |     1 |       |       |       |       |       ||     1
Armor: Leather armour    |    29 |    34 |    18 |       |       |       ||    81
       Steam dragon scal |       |       |     9 |       |       |       ||     9
       Chain mail        |       |       |       |    30 |     5 |    98 ||   133
       Acid dragon scale |       |       |       |     6 |       |       ||     6
       Plate armour      |       |       |       |    25 |   151 |       ||   176
       Quicksilver drago |       |       |       |     7 |    42 |       ||    49
Dodge: Dodged            |    74 |    27 |    77 |   171 |   358 |   128 ||   835
